 Dungeon Crawl Stone Soup version 0.30-a0-715-gdb4ae3ece1 (webtiles) character file.

Game seed: 1383922246918148506

2632 Citaku the Protected (level 9, -2/79 HPs)
             Began as a Minotaur Fighter on Jan 23, 2023.
             Was an Initiate of Gozag.
             Killed from afar by an orc wizard (5 damage)
             ... with a puff of flame
             ... on level 7 of the Dungeon.
             The game lasted 00:11:02 (5842 turns).

Citaku the Protected (Minotaur Fighter)             Turns: 5842, Time: 00:11:03

Health: -2/79      AC: 12    Str: 26    XL:     9   Next: 35%
Magic:  8/8        EV:  9    Int:  5    God:    Gozag
Gold:   195        SH:  5    Dex:  9    Spells: 8/8 levels left

rFire   . . .      SeeInvis .    n - +0 broad axe
rCold   + . .      Faith    .    c - +0 buckler
rNeg    . . .      Spirit   .    b - +0 scale mail
rPois   +          Reflect  .    (helmet restricted)
rElec   .          Harm     .    a - +0 cloak
rCorr   .          Rampage  .    r - +0 pair of gloves
Will    .....                    w - +0 pair of boots Stlth
                                 (no amulet)
HPRegen 0.33/turn                o - ring of poison resistance
MPRegen 0.11/turn                D - ring of protection from cold

@: no status effects
A: horns 2, retaliatory headbutt
a: Renounce Religion, Potion Petition, Call Merchant, Bribe Branch


You were on level 7 of the Dungeon.
You worshipped Gozag.
Gozag was aware of your devotion.
You visited 2 branches of the dungeon, and saw 8 of its levels.

You collected 899 gold pieces.
You spent 610 gold pieces at shops.
You paid 94 gold pieces to Gozag.

Inventory:

Hand Weapons
 n - a +0 broad axe (weapon)
Armour
 a - a +0 cloak (worn)
 b - a +0 scale mail (worn)
 c - a +0 buckler (worn)
 r - a +0 pair of gloves (worn)
 w - a +0 pair of boots (worn)
Jewellery
 o - a ring of poison resistance (left hand)
 D - a ring of protection from cold (right hand)
Wands
 E - a wand of paralysis (6)
Scrolls
 e - a scroll of vulnerability {unknown}
 f - 2 scrolls of silence {unknown}
 g - 4 scrolls of immolation {unknown}
 i - a scroll of acquirement {unknown}
 j - a scroll of torment {unknown}
 k - a scroll of magic mapping {unknown}
 m - 2 scrolls of blinking {unknown}
 p - 3 scrolls of teleportation {unknown}
 t - a scroll of fog {unknown}
 x - a scroll of amnesia {unknown}
 y - 4 scrolls of summoning
 B - a scroll of enchant armour {unknown}
 C - 2 scrolls of poison {unknown}
 F - a scroll of enchant weapon {unknown}
Potions
 d - a potion of flight {unknown}
 h - a potion of curing
 s - 3 potions of lignification
 v - a potion of cancellation
 z - a potion of resistance
 A - 3 potions of brilliance {unknown}


   Skills:
 + Level 7.1 Fighting
 * Level 9.3 Axes
 * Level 9.6 Armour
 + Level 7.2 Shields


You had 8 spell levels left.
You didn't know any spells.
Your spell library contained the following spells:

 Spells                   Type           Power      Damage    Failure   Level
 Passage of Golubria      Tloc           0%         N/A       100%        4
 Fireball                 Conj/Fire      0%         3d3       100%        5
 Iskenderun's Battlesphe  Conj           0%         2d6       100%        5
 Silence                  Hex/Air        0%         N/A       100%        5
 Conjure Ball Lightning   Conj/Air       0%         3x3d6     100%        6
 Orb of Destruction       Conj           0%         9d5       100%        7
 Lehudib's Crystal Spear  Conj/Erth      0%         10d2      100%        8


Dungeon Overview and Level Annotations

Branches:
Dungeon (7/15)             Temple (1/1) D:4

Altars:
Ashenzari
Elyvilon
Gozag
Hepliaklqana
Kikubaaqudgha
Makhleb
Nemelex Xobeh
Okawaru
Qazlal
Ru
Sif Muna
Trog
Vehumet
Wu Jian
Yredelemnul
Zin
The Shining One

Shops:
D:2 :   D:6 =(((*


Innate Abilities, Weirdness & Mutations

You have a pair of horns on your head.
You reflexively headbutt those who attack you in melee.


Message History

The boulder beetle bites you.
You hit the boulder beetle but do no damage.
You headbutt the boulder beetle, but do no damage.
The boulder beetle is almost dead.
You barely miss the orc wizard. You block the orc wizard's attack.
The boulder beetle bites you but does no damage.
You barely miss the boulder beetle.
You headbutt the boulder beetle, but do no damage.
The boulder beetle is almost dead.
You miss the orc wizard.
The orc wizard hits you but does no damage.
The boulder beetle leaps!
The orc wizard gestures wildly while chanting.
The orc wizard flickers and vanishes!
Deactivating autopickup; reactivate with Ctrl-A.
Something hits you.
You hear some strange, mumbled words.
You are confused.
The boulder beetle bites you!
* * * LOW HITPOINT WARNING * * *
You hear some strange, mumbled words.
A puff of flame appears from out of thin air!
The puff of flame hits you but does no damage.
You hit the boulder beetle but do no damage.
The boulder beetle is almost dead.
You barely miss something. The boulder beetle bites you.
* * * LOW HITPOINT WARNING * * *
Something hits you but does no damage.
The boulder beetle attacks as you move away!
The boulder beetle bites you.
* * * LOW HITPOINT WARNING * * *
Something hits you.
* * * LOW HITPOINT WARNING * * *
You feel better. The boulder beetle bites you!
* * * LOW HITPOINT WARNING * * *
You hear some strange, mumbled words.
A puff of flame appears from out of thin air!
The puff of flame hits you.
You die...
Your body crumbles into a pile of gold.

................######.###
#####.###.##..............
$ #.# #.)....)....##.## $
#.###.#########.#
#.....#<......#.##.#
#####.######.......# #.###
####.#### #...#######.##
#.#.$...@....#
#.###$.{B....# #.#
#........## #.#
#(........#
#.............#
#####.?.........
#........... #...........$
#..........


You could see a boulder beetle.

Vanquished Creatures
  Joseph (D:7)
  A hornet (D:6)
  A wyvern (D:7)
  Duvessa (D:4)
  3 ice beasts (D:6)
  A sky beast (D:6)
  2 black bears
  A centaur (D:7)
  A bullfrog (D:6)
  A necrophage (D:4)
  A scorpion (D:5)
  4 wights (D:6)
  Dowan (D:4)
  3 killer bees (D:6)
  2 howler monkeys
  An electric eel (D:6)
  4 hounds
  2 jellies
  2 orc priests (D:5)
  3 orc wizards
  Robin (D:3)
  10 adders
  A white imp (D:6)
  3 dart slugs (D:2)
  19 orcs
  10 endoplasms
  10 giant cockroaches
  18 goblins
  10 hobgoblins
  8 kobolds
  8 quokkas
  9 ball pythons
  7 bats
  2 frilled lizards (D:1)
  7 rats
159 creatures vanquished.

Vanquished Creatures (others)
  4 plants (D:4)
4 creatures vanquished.

Grand Total: 163 creatures vanquished

Notes
Turn   | Place    | Note
-------+----------+-------------------------------------------
     0 | D:1      | Citaku the Minotaur Fighter began the quest for the Orb.
     0 | D:1      | Reached XP level 1. HP: 19/19 MP: 0/0
    98 | D:1      | Reached XP level 2. HP: 27/27 MP: 1/1
   288 | D:1      | Reached XP level 3. HP: 31/33 MP: 2/2
   812 | D:2      | Reached XP level 4. HP: 40/40 MP: 3/3
   944 | D:2      | Found Seoq's Book Shop.
  2010 | D:3      | Noticed Robin
  2017 | D:3      | Killed Robin
  2026 | D:3      | Reached skill level 5 in Armour
  2591 | D:3      | Reached XP level 5. HP: 35/47 MP: 4/4
  2757 | D:4      | Noticed a black bear
  2775 | D:4      | Killed a black bear
  2786 | D:4      | Reached XP level 6. HP: 31/53 MP: 5/5
  2941 | D:4      | Found a staircase to the Ecumenical Temple.
  2950 | D:4      | Reached skill level 5 in Axes
  3021 | Temple   | Entered the Ecumenical Temple
  3031 | Temple   | Became a worshipper of Gozag Ym Sagoz the Greedy
  3343 | D:4      | Found a sparkling altar of Nemelex Xobeh.
  3422 | D:4      | Noticed Duvessa
  3422 | D:4      | Noticed Dowan
  3427 | D:4      | Killed Duvessa
  3428 | D:4      | Reached skill level 5 in Fighting
  3428 | D:4      | Reached skill level 5 in Shields
  3429 | D:4      | Killed Dowan
  3430 | D:4      | Reached XP level 7. HP: 61/61 MP: 6/6
  3684 | D:5      | Entered Level 5 of the Dungeon
  3952 | D:5      | Found a radiant altar of Vehumet.
  4382 | D:6      | Found Ycrotwech's Weapon Shop.
  4387 | D:6      | Found Uckaboc's General Store.
  4390 | D:6      | Found Oqipiv's Weapon Emporium.
  4395 | D:6      | Bought a potion of curing for 39 gold pieces
  4395 | D:6      | Bought 3 scrolls of identify for 78 gold pieces
  4395 | D:6      | Bought a potion of heal wounds for 65 gold pieces
  4429 | D:6      | Reached XP level 8. HP: 21/67 MP: 7/7
  5073 | D:6      | Noticed a hornet
  5076 | D:6      | Killed a hornet
  5183 | D:6      | Reached XP level 9. HP: 78/78 MP: 8/8
  5296 | D:6      | Bought a +0 pair of boots for 58 gold pieces
  5296 | D:6      | Bought 3 scrolls of summoning for 370 gold pieces
  5363 | D:6      | Found Wuh Vin's Antique Weapon Shoppe.
  5374 | D:6      | Found Gan Neig's Jewellery Shoppe.
  5562 | D:7      | Noticed Joseph
  5576 | D:7      | Killed Joseph
  5814 | D:7      | Noticed a boulder beetle
  5842 | D:7      | HP: 3/79 [boulder beetle (17)]
  5842 | D:7      | Killed from afar by an orc wizard

Illustrated notes

Levels and vault maps discovered:
D:1:      saegor_arrival_simple_c, layout_basic, minmay_crystal_water,
          chequers_serial_rivers_micro_b, glass_columns_b, dk_noncrumbling_2
D:2:      layout_loops_ring, serial_co_window_serial, co_window_paths_a,
          co_window_corner_a, co_window_corner_a, co_window_corner_a,
          co_window_of_opportunity_a, co_window_paths_a, co_window_paths_a,
          co_window_of_opportunity_a, co_window_of_opportunity_a,
          co_window_cross_2, co_window_of_opportunity_b, co_window_corner_cb,
          co_window_of_opportunity_c, co_window_of_opportunity_c,
          co_window_4corner_a, glass_columns_c, glass_columns_a, serial_shops,
          shop_statue, minmay_tetromino_i4
D:3:      mumra_celtic_spiral_tile, layout_basic, reono_crystal_passage,
          uniq_robin
D:4:      layout_loops_ring, lemuel_tele_altar, minmay_temple_entry_large_hall,
          serial_bayou_pond_b, uniq_duvessa
D:5:      layout_cave_pools, mainiacjoe_overflow_catwalk
D:6:      layout_loops_cross, serial_shops, shop, shop,
          nicolae_shop_behind_doors, shop, shop, grunt_ministairs_5,
          kennysheep_minor_cross, hangedman_decor_growths
D:7:      layout_basic, uniq_joseph
Temple:   hellmonk_temple_of_storms

Skill      XL: |  1  2  3  4  5  6  7  8  9 |
---------------+----------------------------+-----
Armour         | 4 5 6 7 8 9 |  9.6
Axes           | 3 4 5 6 8 9 |  9.3
Fighting       | 4 5 6 7 |  7.1
Shields        | 4 5 6 7 |  7.2

Action                     |  1- 3 |  4- 6 |  7- 9 || total
---------------------------+-------+-------+-------++-------
  Melee: War axe           |    80 |    15 |       ||    95
         Headbutt          |     6 |    18 |    39 ||    63
         Broad axe         |       |   103 |   171 ||   274
    Use: Potion            |       |     2 |     8 ||    10
         Scroll            |       |       |     5 ||     5
 Armour: Scale mail        |    40 |    70 |    92 ||   202
  Dodge: Dodged            |    38 |    73 |    78 ||   189
  Block: Buckler           |    18 |    29 |    53 ||   100

Table legend: (Time is in decaauts)
 A = Elapsed time spent in this place.
 B = Non-inter-level travel time spent in this place.
 C = Inter-level travel time spent in this place.
 D = Time resting spent in this place.
 E = Time spent auto-exploring this place.
 F = Levels seen in this place.
 G = Mean time per level.
                   A        B        C        D        E       F      G
               +--------+--------+--------+--------+--------+-----+--------+
         Total |   5985 |   5834 |    151 |     66 |   4624 |   8 |  748.1 |
       Dungeon |   5938 |   5797 |    141 |     66 |   4607 |   7 |  848.3 |
        Temple |     46 |     36 |     10 |      0 |     17 |   1 |   46.0 |
               +--------+--------+--------+--------+--------+-----+--------+

Top non-repeatable levels by time:
     D:2: 1182 daAuts
     D:6: 1169 daAuts
     D:3: 1038 daAuts
     D:4: 945 daAuts
     D:5: 668 daAuts
     D:1: 555 daAuts
     D:7: 377 daAuts
  Temple: 46 daAuts
